 Dungeon Crawl Stone Soup version 0.23-a0-556-g351818a (webtiles) character file.

3122 zishaf the Spear-Bearer (level 9, 0/74 HPs)
             Began as a Merfolk Monk on Dec 11, 2018.
             Was a Believer of Fedhas.
             Slain by an orc warrior
             ... wielding a +0 battleaxe
              (14 damage)
             ... on level 8 of the Dungeon.
             The game lasted 00:31:48 (10776 turns).

zishaf the Spear-Bearer (Merfolk Monk)             Turns: 10776, Time: 00:31:48

Health: 0/74       AC:  8    Str: 14    XL:     9   Next: 91%
Magic:  4/4        EV: 16    Int: 10    God:    Fedhas [**....]
Gold:   391        SH:  0    Dex: 16    Spells: 8/8 levels left

rFire    . . .     SeeInvis .   a - +2 scythe (antimagic)
rCold    . . .     Gourm    .   (shield currently unavailable)
rNeg     . . .     Faith    .   q - +0 ring mail
rPois    .         Spirit   .   w - +2 hat
rElec    .         Reflect  .   (no cloak)
rCorr    .         Harm     .   s - +0 pair of gloves
MR       .....                  (no boots)
Stlth    +.........             A - amulet of the acrobat
HPRegen  0.22/turn              t - ring of wizardry
MPRegen  0.09/turn              k - ring of flight

@: no status effects
A: change form in water, swift swim, stealthy swim
a: Fungal Bloom, Sunlight, Evolution, Renounce Religion, Evoke Flight


You were on level 8 of the Dungeon.
You worshipped Fedhas.
Fedhas was pleased with you.
You were not hungry.

You visited 2 branches of the dungeon, and saw 9 of its levels.

You collected 391 gold pieces.

Inventory:

Hand Weapons
 a - a +2 antimagic scythe (weapon)
 b - a +0 arbalest
 g - the +2 mace of Gallantry {freeze, rF+, unknown}
   (You found it on level 8 of the Dungeon)

   It has been specially enchanted to freeze those struck by it, causing extra
   injury to most foes and up to half again as much damage against particularly
   susceptible opponents.
   It can also slow down cold-blooded creatures.
   It protects you from fire.
Missiles
 C - 21 bolts
Armour
 o - a +0 leather armour of cold resistance
 q - a +0 ring mail (worn)
 s - a +0 pair of gloves (worn)
 w - a +2 hat (worn)
Jewellery
 k - a ring of flight (right hand)
 t - a ring of wizardry (left hand)
 A - an amulet of the acrobat (around neck)
Wands
 u - a wand of scattershot (4)
 z - a wand of paralysis (12)
Scrolls
 d - 9 scrolls of teleportation
 e - 3 scrolls of immolation {unknown}
 f - a scroll of magic mapping {unknown}
 h - a scroll of blinking {unknown}
 j - 2 scrolls of enchant armour {unknown}
 l - 2 scrolls of fear
 m - a scroll of fog {unknown}
 p - a scroll of enchant weapon {unknown}
 y - 2 scrolls of amnesia {unknown}
Potions
 i - 2 potions of brilliance
 n - 2 potions of flight
 r - 3 potions of invisibility
 v - a potion of magic
 x - a potion of cancellation {unknown}
 B - 7 potions of curing
Comestibles
 c - 8 rations


   Skills:
 + Level 8.1 Fighting
 + Level 10.5 Polearms
 * Level 0.8 Crossbows
 - Level 2.0 Armour
 + Level 9.3 Dodging
 - Level 2.1 Stealth
 - Level 6.1 Evocations


You had 8 spell levels left.
You didn't know any spells.
Your spell library contained the following spells:

 Spells                   Type           Power        Failure   Level  Hunger
 Corona                   Hex            #......      28%         1    ##.....
 Slow                     Hex            #.......     41%         2    ###....
 Inner Flame              Hex/Fire       #.......     63%         3    ####...
 Portal Projectile        Hex/Tloc       #.....       63%         3    ####...
 Cause Fear               Hex            #.........   95%         4    #####..
 Leda's Liquefaction      Hex/Erth       #.........   95%         4    #####..


Dungeon Overview and Level Annotations

Branches:
Dungeon (8/15)             Temple (1/1) D:6
   Lair: D:8-11

Altars:
Ashenzari
Cheibriados
Dithmenos
Fedhas
Gozag
Kikubaaqudgha
Makhleb
Okawaru
Qazlal
Trog
Uskayaw
Vehumet
Wu Jian
Xom
Yredelemnul
Zin
The Shining One

Annotations:
D:5 5 runed doors
D:6 3 runed doors, Heh's ghost, novice OpWz
D:7 Joseph


Message History

The orc warrior is severely wounded.
The orc warrior closely misses you.
You barely miss the orc warrior.
The orc warrior is severely wounded.
The orc warrior barely misses you.
You closely miss the orc warrior.
The orc warrior is severely wounded.
The orc warrior barely misses you.
You barely miss the orc warrior.
The orc warrior is severely wounded.
The orc warrior hits you with a +0 battleaxe!
* * * LOW HITPOINT WARNING * * *
You hit the orc warrior but do no damage.
The orc warrior is severely wounded.
The orc warrior barely misses you.
You hit the orc warrior but do no damage.
The orc warrior is severely wounded.
The orc warrior hits you with a +0 battleaxe!
You die...
Fedhas appreciates your contribution to the ecosystem.

. ... #. #.# S# #.#
F## #.# #.# #f#
#.###f#######
#o.รท.).......
.......####o#######
# .....## #@#
####### ....
#.###### #....f.
... #...f..#
#.##### .. ######.#
#.# # # #.# #.# #.#
#.# #f# ##.#####
#.# #....... #.#
#.f####.


You could see an orc warrior and 2 friendly wandering mushrooms.

Vanquished Creatures
  Sigmund (D:2)
  A water moccasin (D:7)
  3 sky beasts
  4 ogres
  2 phantoms (D:7)
  A centaur (D:7)
  A wyvern zombie (D:8)
  3 bullfrogs
  A scorpion (D:4)
  8 wights
  3 crimson imps
  2 hounds
  2 bullfrog skeletons
  2 bullfrog zombies
  4 orc priests
  4 iguanas
  Natasha (thrice) (D:2)
  6 worker ants
  An orc wizard (D:4)
  A killer bee zombie (D:6)
  A hound skeleton (D:5)
  A worker ant zombie (D:5)
  Robin (D:2)
  4 gnolls (D:7)
  8 adders
  3 shadow imps
  An ooze (D:4)
  6 worms
  7 leopard geckos
  15 orcs
  6 ball pythons
  14 bats
  5 giant cockroaches
  8 goblins
  5 hobgoblins
  7 jackals
  8 quokkas
  A ball python skeleton (D:6)
  11 frilled lizards
  7 kobolds
  7 rats
179 creatures vanquished.

Vanquished Creatures (collateral kills)
  An ogre (D:7)
  A bullfrog (D:7)
  A scorpion (D:8)
  A vampire bat (D:7)
  5 wights
  A hound (D:8)
  An orc priest (D:8)
  An orc wizard (D:8)
  A worker ant (D:6)
  An adder (D:8)
  3 orcs (D:8)
  A bat (D:7)
18 creatures vanquished.

Vanquished Creatures (others)
  2 wandering mushrooms
  2 orcs (D:3)
  A jackal (D:3)
  19 toadstools
24 creatures vanquished.

Grand Total: 221 creatures vanquished

Notes
Turn   | Place    | Note
-------+----------+-------------------------------------------
     0 | D:1      | zishaf the Merfolk Monk began the quest for the Orb.
     0 | D:1      | Reached XP level 1. HP: 18/18 MP: 1/1
   174 | D:1      | Reached XP level 2. HP: 24/24 MP: 2/2
   490 | D:1      | Reached skill level 5 in Polearms
   602 | D:1      | Reached XP level 3. HP: 29/30 MP: 3/3
  1168 | D:2      | Noticed Natasha
  1171 | D:2      | Noticed Sigmund
  1207 | D:2      | Reached XP level 4. HP: 30/37 MP: 4/4
  1243 | D:2      | Killed Natasha
  1243 | D:2      | Reached skill level 5 in Dodging
  1416 | D:2      | Noticed Robin
  1610 | D:2      | Noticed Natasha
  2269 | D:3      | Reached XP level 5. HP: 39/43 MP: 5/5
  2282 | D:3      | HP: 2/43 [orc priest/nerve-wracking pain (13)]
  2283 | D:3      | Reached skill level 6 in Polearms
  2530 | D:2      | Killed Robin
  3236 | D:3      | Found a stormy altar of Qazlal.
  3279 | D:3      | Found an opulent altar of Gozag.
  3462 | D:4      | Reached XP level 6. HP: 49/50 MP: 6/6
  3830 | D:4      | Reached skill level 5 in Fighting
  4114 | D:4      | HP: 2/51 [poisoned by a worker ant]
  4122 | D:4      | HP: 2/51 [poisoned by a worker ant]
  4835 | D:4      | Reached skill level 7 in Polearms
  4835 | D:4      | Reached skill level 1 in Armour
  5310 | D:2      | Killed Sigmund
  5310 | D:2      | Reached XP level 7. HP: 56/56 MP: 7/7
  5434 | D:2      | Killed Natasha
  5624 | D:2      | Noticed Natasha
  5637 | D:2      | Killed Natasha
  5807 | D:4      | Reached skill level 1 in Evocations
  6277 | D:4      | Reached skill level 8 in Polearms
  6277 | D:4      | Reached XP level 8. HP: 30/64 MP: 2/10
  6453 | D:5      | Entered Level 5 of the Dungeon
  7025 | D:5      | Found the +9 staff of Olgreb {rPois}
  7340 | D:5      | Found a runed gate.
  7341 | D:5      | Found a runed door.
  7356 | D:5      | Found a runed gate.
  7356 | D:5      | Found a runed gate.
  7364 | D:5      | Found a runed door.
  7864 | D:6      | Found a staircase to the Ecumenical Temple.
  7874 | Temple   | Entered the Ecumenical Temple
  7879 | Temple   | Became a worshipper of Fedhas Madash
  7879 | Temple   | Reached * piety under Fedhas
  7879 | Temple   | Reached ** piety under Fedhas
  8410 | D:6      | Reached skill level 9 in Polearms
  8457 | D:6      | Found a runed gate.
  8457 | D:6      | Found a runed gate.
  8463 | D:6      | Found a runed gate.
  8466 | D:6      | Noticed Heh's ghost (novice OpWz)
  8532 | D:6      | Reached skill level 5 in Evocations
  8532 | D:6      | Reached XP level 9. HP: 69/71 MP: 4/12
  9097 | D:7      | Noticed Joseph
  9391 | D:7      | Reached skill level 10 in Polearms
 10056 | D:8      | Got a slimy mace
 10776 | D:8      | Slain by an orc warrior

Vault maps used:
D:1:      minmay_arrival_open_corners
D:2:      minmay_tetromino_s4, uniq_sigmund, uniq_robin, uniq_natasha
D:3:      nicolae_gozag_cash_rules_everything_around_me, grunt_qazlal_clouds
D:4:      first_ration, hangedman_decor_clover_reticule,
          kennysheep_generic_room_8
D:5:      minmay_guarded_unrand_staff_of_olgreb
D:6:      minmay_temple_entry_mist, gammafunk_ghost_necromancy
D:7:      roderic_batcave, uniq_joseph
D:8:      gammafunk_temple_overflow_pools
Temple:   minmay_freezing_vapour_temple

Skill      XL: |  1  2  3  4  5  6  7  8  9 |
---------------+----------------------------+-----
Polearms       | 5 6 7 8 9 10 | 10.5
Fighting       | 4 5 6 8 |  8.1
Dodging        | 5 6 7 9 |  9.3
Armour         | 1 2 |  2.0
Evocations     | 2 5 6 |  6.1
Crossbows      | |  0.8
Stealth        | |  2.1

Action                   |  1- 3 |  4- 6 |  7- 9 || total
-------------------------+-------+-------+-------++-------
Melee: Spear             |   178 |   394 |       ||   572
       Scythe            |       |       |   327 ||   327
Invok: Fungal Bloom      |       |       |    12 ||    12
       Evolution         |       |       |     4 ||     4
  Use: Scroll            |     1 |     4 |     4 ||     9
       Potion            |       |     2 |       ||     2
 Stab: Sleeping          |     3 |     4 |     5 ||    12
       Distracted        |     1 |       |     1 ||     2
  Eat: Chunk             |     1 |    13 |     6 ||    20
       Ration            |       |       |     4 ||     4
Armor: Ring mail         |    34 |    60 |    95 ||   189
Dodge: Dodged            |   109 |   172 |   286 ||   567

Table legend:
 A = Non-vault XP
 B = Vault XP
 C = Vault XP percentage of total XP
 D = Non-vault monster count
 E = Vault monster count
 F = Vault count percentage of total count
                 A         B        C        D         E       F
            +---------+---------+-------+---------+---------+-------
      Total |    4144 |     317 |   7.1 |     176 |      21 |  10.7
            +---------+---------+-------+---------+---------+-------
        D:1 |      39 |       4 |   9.3 |      26 |       2 |   7.1
        D:2 |     132 |     277 |  67.7 |      23 |      12 |  34.3
        D:3 |     113 |       0 |   0.0 |      22 |       0 |   0.0
        D:4 |     710 |       0 |   0.0 |      26 |       0 |   0.0
        D:5 |     567 |       0 |   0.0 |      18 |       0 |   0.0
        D:6 |     607 |       0 |   0.0 |      20 |       0 |   0.0
        D:7 |    1398 |      36 |   2.5 |      25 |       7 |  21.9
        D:8 |     578 |       0 |   0.0 |      16 |       0 |   0.0
            +---------+---------+-------+---------+---------+-------
